 Dungeon Crawl Stone Soup version 0.26.1-11-gd32895ea62 (webtiles) character file.

Game seed: 1520454066665542841

204 Zeld the Chucker (level 5, 0/34 HPs)
             Began as an Octopode Brigand on May 13, 2021.
             Killed by nerve-wracking pain
             ... invoked by a shadow imp
              (10 damage)
             ... on level 6 of the Dungeon.
             The game lasted 00:02:47 (3813 turns).

Zeld the Chucker (Octopode Brigand)                 Turns: 3813, Time: 00:02:47

Health: 0/34       AC:  1    Str: 11    XL:     5   Next: 82%
Magic:  5/5        EV: 13    Int: 14    God:
Gold:   224        SH:  0    Dex: 13    Spells: 4/4 levels left

rFire    . . .     SeeInvis .   m - +4 short sword
rCold    . . .     Faith    .   (no shield)
rNeg     . . .     Spirit   .   (helmet restricted)
rPois    .         Reflect  .   (no amulet)
rElec    .         Harm     .   (no ring)
rCorr    .         Rampage  .   (no ring)
Will     .....                  (no ring)
Stlth    ++++......             (no ring)
HPRegen  0.11/turn              (no ring)
MPRegen  0.09/turn              (no ring)
                                (no ring)
                                (no ring)

@: no status effects
A: almost no armour, stealthy swim, amphibious, 8 rings, constrict 8, camouflage
1, gelatinous body 1
a: no special abilities


You were on level 6 of the Dungeon.
You visited 1 branch of the dungeon, and saw 4 of its levels.

You collected 224 gold pieces.

Inventory:

Hand Weapons
 a - a +2 dagger
 m - a +4 short sword (weapon)
Missiles
 b - 8 poisoned darts (quivered)
 c - 9 curare-tipped darts
Jewellery
 p - an uncursed ring of resist corrosion {unknown}
 r - a cursed ring of teleportation {unknown}
Scrolls
 d - 5 scrolls of identify {unknown}
 e - a scroll of teleportation {unknown}
 g - a scroll of enchant weapon {unknown}
 h - 2 scrolls of remove curse {unknown}
 t - a scroll of enchant armour {unknown}
Potions
 f - a potion of haste {unknown}
 i - a potion of invisibility {unknown}
 j - a potion of heal wounds {unknown}
 k - 2 potions of curing {unknown}
 l - 2 potions of might {unknown}
 n - a potion of attraction {unknown}
 o - a potion of degeneration {unknown}
 q - a potion of brilliance {unknown}
 s - a potion of berserk rage {unknown}


   Skills:
 - Level 2.0 Fighting
 - Level 2.0 Short Blades
 * Level 5.9 Throwing
 - Level 1.0 Dodging
 - Level 5.3 Stealth


You had 4 spell levels left.
You didn't know any spells.
Your spell library contained the following spells:

 Spells                   Type           Power        Failure   Level
 Animate Skeleton         Necr           0%           28%         1
 Apportation              Tloc           0%           28%         1
 Corona                   Hex            0%           28%         1
 Summon Small Mammal      Summ           0%           28%         1


Dungeon Overview and Level Annotations

Branches:
Dungeon (3/15)

Altars:
Xom


Innate Abilities, Weirdness & Mutations

You cannot wear most types of armour.
You are very stealthy in the water. (Stealth+)
You are amphibious.
You can wear up to eight rings at the same time.
You can use your tentacles to constrict eight enemies at once.
Your skin changes colour to match your surroundings (Stealth+).
Your rubbery body absorbs attacks. (AC +1, EV +1)


Message History

The iguana is heavily wounded.
You constrict the iguana. The iguana bites you! The shadow imp gestures at you.
You barely resist. You hit the iguana. You squeeze the iguana.
You kill the iguana!
You hit the shadow imp. Your grab misses the shadow imp.
The shadow imp is severely wounded.
The shadow imp barely misses you.
You closely miss the shadow imp. You grab the shadow imp.
The shadow imp is severely wounded.
You constrict the shadow imp, but do no damage.
The shadow imp hits you.
* * * LOW HITPOINT WARNING * * *
You hit the shadow imp.
The shadow imp is severely wounded.
You constrict the shadow imp, but do no damage.
The shadow imp gestures at you. Pain shoots through your body!
You die...

##...
#.....
......
#......
.......
##.......
#........
#@.).....
##5.......
#.........
#.........
#.........
#.........
#.........
..........
#.....####


You could see a shadow imp.

Vanquished Creatures
  A jelly (D:2)
  A worker ant (D:2)
  3 gnolls (D:2)
  3 adders (D:2)
  2 oozes (D:2)
  5 giant cockroaches
  8 goblins
  10 hobgoblins
  2 iguanas
  3 jackals (D:1)
  4 bats
  5 kobolds
  9 rats
56 creatures vanquished.

Notes
Turn   | Place    | Note
-------+----------+-------------------------------------------
     0 | D:1      | Zeld the Octopode Brigand began the quest for the Orb.
     0 | D:1      | Reached XP level 1. HP: 14/14 MP: 1/1
   501 | D:1      | Reached XP level 2. HP: 19/19 MP: 2/2
   977 | D:1      | Reached XP level 3. HP: 24/24 MP: 3/3
  1648 | D:2      | Reached XP level 4. HP: 16/29 MP: 4/4
  2529 | D:2      | Reached skill level 5 in Throwing
  2529 | D:2      | Reached XP level 5. HP: 19/34 MP: 5/5
  2914 | D:2      | Found a shimmering altar of Xom.
  3804 | D:3      | You fall into a shaft and drop 3 floors!
  3813 | D:6      | Killed from afar by a shadow imp

Illustrated notes

Levels and vault maps discovered:
D:1:      dpeg_arrival_shelter, layout_loops_corners
D:2:      layout_basic, dk_xom_monty_hall
D:3:      layout_rooms, nicolae_overflow_hidden_temple, eino_tiny_chamber,
          uniq_jessica, uniq_robin
D:6:      layout_cave_pods, slow_altar_1, hangedman_decor_push,
          corexii_leaking_fountain

Skill      XL: |  1  2  3  4 |
---------------+-------------+-----
Throwing       | 3 4 5 |  5.9
Fighting       | |  2.0
Short Blades   | |  2.0
Dodging        | |  1.0
Stealth        | |  5.3

Action                   |  1- 3 |  4- 6 || total
-------------------------+-------+-------++-------
Melee: Dagger            |    67 |     4 ||    71
       Constrict         |    15 |    11 ||    26
       Tentacles         |    13 |     7 ||    20
       Short sword       |       |    49 ||    49
 Stab: Sleeping          |     7 |     7 ||    14
Armor: Skin              |     2 |     1 ||     3
Dodge: Dodged            |    35 |    18 ||    53
